 Dungeon Crawl Stone Soup version 0.20.1-1-g8b1a95d (webtiles) character file.

160 HessuHobo the Distorting Demonspawn (level 5, -2/42 HPs)
             Began as a Demonspawn Abyssal Knight on Oct 26, 2017.
             Was a Believer of Lugonu.
             Killed by divine providence
             ... invoked by an orc priest
              (15 damage)
             ... on level 3 of the Dungeon.
             The game lasted 00:15:19 (2152 turns).

HessuHobo the Distorting Demonspawn (DsAK)          Turns: 2152, Time: 00:15:19

Health: -2/42      AC: 10    Str: 13    XL:     5   Next: 17%
Magic:  8/8        EV:  6    Int: 13    God:    Lugonu [**....]
Gold:   69         SH:  0    Dex: 13    Spells: 4/4 levels left

rFire    . . .     SeeInvis .   a - +1 hand axe
rCold    . . .     Gourm    .   (no shield)
rNeg     . . .     Faith    .   f - +0 chain mail
rPois    .         Spirit   .   (no helmet)
rElec    .         Reflect  .   (no cloak)
rCorr    .         Harm     .   (no gloves)
MR       .....                  (no boots)
Stlth    ..........             (no amulet)
Regen    0.2/turn               (no ring)
MPRegen  0.2/turn               (no ring)

@: no status effects
A: molten scales 1, powered by death 1
a: Depart the Abyss, Bend Space, Renounce Religion


You were on level 3 of the Dungeon.
You worshipped Lugonu.
Lugonu was pleased with you.
You were not hungry.

You visited 1 branch of the dungeon, and saw 3 of its levels.
You visited the Abyss 1 time.

You collected 69 gold pieces.

Inventory:

Hand Weapons
 a - a +1 hand axe (weapon)
Armour
 b - a +0 leather armour
 e - a +2 helmet
 f - a +0 chain mail (worn)
Jewellery
 d - an uncursed ring of resist corrosion {unknown}
 g - an uncursed ring of wizardry {unknown}
Scrolls
 l - a scroll of immolation {unknown}
 m - 2 scrolls of identify {unknown}
 n - a scroll of enchant weapon {unknown}
Potions
 i - a potion of brilliance {unknown}
 j - a potion of degeneration {unknown}
 o - a potion of flight
Comestibles
 c - 2 bread rations
 h - 3 fruits
 k - a meat ration


   Skills:
 + Level 3.8 Fighting
 * Level 3.1 Axes
 + Level 2.5 Armour
 - Level 0.8 Dodging
 + Level 4.2 Invocations


You had 4 spell levels left.
You didn't know any spells.

Dungeon Overview and Level Annotations

Branches:
Dungeon (3/15)

Altars:
Makhleb


Innate Abilities, Weirdness & Mutations

You are partially covered in molten scales. (AC +2)
You regenerate a little health from kills.


Message History

You hear some strange, mumbled words.
A puff of flame appears from out of thin air!
The puff of flame hits you!
You completely miss something. Something hits you but does no damage.
You hit something. Something hits you. Something hits you but does no damage.
You hear some strange, mumbled words.
A puff of flame appears from out of thin air!
The puff of flame hits you! Something hits you but does no damage.
Things that are here:
a flail; a leather armour; an orc corpse You hear some strange, mumbled words.
A puff of flame appears from out of thin air!
The puff of flame hits you!
You hear some strange, mumbled words.
A puff of frost appears from out of thin air!
The puff of frost hits you!
The orc priest invokes the aid of Beogh against you.
Beogh smites you!
You die...

.... #o# #.. #o#
#. #)# # #o# #.#
#.#
#.################
#.##..............
#@##.########.####
#>......#####.#
#########
####.##.##....#
.<.......
#.##.#...#.#
#########
#.....>....# #
######...#.....
##.####.## #.# .##
#.# ##


You could see an orc priest and an orc.

Vanquished Creatures
  An orc priest (D:3)
  5 adders
  An ooze (D:1)
  2 worms
  A dart slug (D:2)
  A leopard gecko (D:1)
  10 orcs (D:3)
  A giant cockroach (D:1)
  9 goblins
  5 hobgoblins
  5 jackals
  10 bats
  3 frilled lizards
  8 kobolds
  3 rats (D:1)
65 creatures vanquished.

Notes
Turn   | Place    | Note
-------+----------+-------------------------------------------
     0 | Abyss:1  | HessuHobo the Demonspawn Abyssal Knight began the quest for the Orb.
     0 | Abyss:1  | Reached XP level 1. HP: 18/18 MP: 2/2
    20 | Abyss:1  | Noticed an ice statue
    21 | Abyss:1  | Noticed an ice beast
    21 | D:1      | Escaped the Abyss
    48 | D:1      | Reached * piety under Lugonu
   219 | D:1      | Gained mutation: You regenerate a little health from kills. [demonic ancestry]
   219 | D:1      | Reached XP level 2. HP: 23/24 MP: 4/4
   351 | D:1      | Reached skill level 3 in Invocations
   446 | D:1      | Gained mutation: You are partially covered in molten scales. (AC +2) [demonic ancestry]
   446 | D:1      | Reached XP level 3. HP: 26/29 MP: 5/5
   783 | D:2      | Reached ** piety under Lugonu
  1060 | D:2      | Reached XP level 4. HP: 26/35 MP: 6/6
  1456 | D:3      | HP: 1/35 [orc priest/divine providence (14)]
  1872 | D:3      | Found a burning altar of Makhleb.
  1956 | D:3      | Reached skill level 4 in Invocations
  2119 | D:3      | Reached XP level 5. HP: 25/42 MP: 8/8
  2152 | D:3      | Killed from afar by an orc priest

Skill      XL: |  1  2  3  4 |
---------------+-------------+-----
Axes           | 2 3 |  3.1
Armour         | 2 |  2.5
Invocations    | 3 4 |  4.2
Fighting       | |  3.8
Dodging        | |  0.8

Action                   |  1- 3 |  4- 6 || total
-------------------------+-------+-------++-------
Melee: Hand axe          |   146 |   161 ||   307
Invok: Depart the Abyss  |     1 |       ||     1
  Use: Scroll            |     3 |     1 ||     4
       Potion            |     3 |       ||     3
  Eat: Chunk             |       |     2 ||     2
       Bread ration      |       |     1 ||     1
Armor: Chain mail        |   111 |   112 ||   223
Dodge: Dodged            |    59 |    45 ||   104
